General information
- name: BNet
- type: Ladder team game (AT/RT)
- host: Battle.net
- saver: dogsandhorse.ru
map: Highperch
- players: 6
- length: 27:30
- speed: Fast
- version: 1.26 W3XP
- replay type:

» download(195 KB)
Players
team 1 (loser)
bandytaa (
yellow | 33 APM | 903 actions | 26:57)
4 Warden
2 Shadow Strike
2 Fan of Knives
2 Keeper of the Grove
1 Thorns Aura
1 Entangling Roots
» actions
| Build / train | 61 | |
| Enter build submenu | 15 | |
| Enter hero's abilities submenu | 6 | |
| Remove unit from queue | 2 | |
| Right click | 489 | |
| Select / deselect | 276 | |
| Use ability | 54 | |
903 total
» units
| Wisp | 9 | |
| Archer | 9 | |
| Huntress | 9 | |
| Glaive Thrower | 12 | |
| Dryad | 4 | |
| Druid of the Claw | 1 | |
44 total
» upgrades
| Moon Armor | 1 | |
| Strength of the Moon | 2 | |
| Improved Bows | 1 | |
| Vorpal Blades | 1 | |
| Abolish Magic | 1 | |
6 total
» buildings
| Altar of Elders | 1 | |
| Moon Well | 7 | |
| Ancient of War | 2 | |
| Hunter's Hall | 1 | |
| Tree of Life | 1 | |
| Tree of Ages | 1 | |
| Ancient of Lore | 2 | |
| Ancient of Wonders | 1 | |
16 total
» build order
00:26 Altar of Elders
00:36 Moon Well
00:50 Ancient of War
01:37 Moon Well
02:20 Moon Well
03:08 Hunter's Hall
04:18 Tree of Life
04:43 Tree of Ages
05:03 Moon Well
06:14 Ancient of War
09:05 Moon Well
09:16 Ancient of Lore
11:01 Ancient of Lore
12:20 Moon Well
12:40 Ancient of Wonders
13:22 Moon Well
bartOSZ (
red | 62 APM | 1706 actions | 27:28)
1 Priestess of the Moon
1 Trueshot Aura
» actions
| Assign group hotkey | 18 | |
| Basic commands | 7 | |
| Build / train | 104 | |
| Enter build submenu | 22 | |
| Enter hero's abilities submenu | 1 | |
| Right click | 1011 | |
| Select / deselect | 242 | |
| Select group hotkey | 247 | |
| Use ability | 54 | |
1706 total
» units
» upgrades
| Strength of the Wild | 3 | |
| Reinforced Hides | 3 | |
| Ultravision | 1 | |
| Corrosive Breath | 1 | |
| Well Spring | 1 | |
| Nature's Blessing | 1 | |
10 total
» buildings
| Hunter's Hall | 1 | |
| Moon Well | 6 | |
| Ancient Protector | 4 | |
| Tree of Ages | 4 | |
| Altar of Elders | 1 | |
| Tree of Eternity | 1 | |
| Ancient of Wind | 1 | |
| Chimaera Roost | 2 | |
20 total
» build order
00:13 Hunter's Hall
00:19 Moon Well
01:39 Ancient Protector
02:01 Ancient Protector
02:24 Ancient Protector
02:40 Ancient Protector
03:43 Tree of Ages
03:43 Tree of Ages
03:44 Tree of Ages
04:41 Altar of Elders
06:05 Tree of Eternity
06:34 Ancient of Wind
08:28 Moon Well
08:35 Moon Well
08:35 Moon Well
08:36 Moon Well
08:43 Chimaera Roost
09:36 Chimaera Roost
11:18 Moon Well
Kanclerz (
purple | 65 APM | 1697 actions | 26:11)
6 Death Knight
3 Death Coil
3 Unholy Aura
» actions
| Assign group hotkey | 60 | |
| Basic commands | 1 | |
| Build / train | 45 | |
| Enter build submenu | 18 | |
| Enter hero's abilities submenu | 6 | |
| Right click | 1037 | |
| Select / deselect | 403 | |
| Select group hotkey | 55 | |
| Use ability | 72 | |
1697 total
» units
| Acolyte | 3 | |
| Ghoul | 3 | |
| Crypt Fiend | 5 | |
| Frost Wyrm | 14 | |
25 total
» upgrades
| Creature Attack | 2 | |
| Freezing Breath | 1 | |
| Web | 1 | |
4 total
» buildings
| Altar of Darkness | 1 | |
| Ziggurat | 6 | |
| Crypt | 1 | |
| Graveyard | 1 | |
| Tomb of Relics | 1 | |
| Halls of the Dead | 5 | |
| Nerubian Tower | 1 | |
| Black Citadel | 2 | |
| Sacrificial Pit | 1 | |
| Boneyard | 3 | |
22 total
» build order
00:05 Altar of Darkness
00:08 Ziggurat
00:12 Crypt
01:06 Graveyard
01:33 Ziggurat
01:58 Tomb of Relics
03:00 Halls of the Dead
03:01 Halls of the Dead
03:01 Halls of the Dead
03:49 Nerubian Tower
04:50 Halls of the Dead
05:25 Ziggurat
07:51 Black Citadel
07:55 Sacrificial Pit
10:14 Boneyard
10:15 Boneyard
10:23 Boneyard
10:28 Ziggurat
11:25 Ziggurat
11:29 Ziggurat
» items
team 2 (winner)
dogsandhorse.ru (
teal | 119 APM | 3276 actions | 27:30)
9 Blademaster
3 Wind Walk
3 Critical Strike
2 Bladestorm
1 Mirror Image
» actions
| Assign group hotkey | 20 | |
| Basic commands | 1 | |
| Build / train | 112 | |
| Enter build submenu | 30 | |
| Enter hero's abilities submenu | 8 | |
| Give item / drop item | 19 | |
| Remove unit from queue | 7 | |
| Right click | 2113 | |
| Select / deselect | 240 | |
| Select group hotkey | 530 | |
| Use ability | 196 | |
3276 total
» units
» upgrades
| Ranged Weapons | 2 | |
| Reinforced Defenses | 1 | |
| Liquid Fire | 1 | |
4 total
» buildings
| Altar of Storms | 1 | |
| Orc Burrow | 4 | |
| Voodoo Lounge | 2 | |
| War Mill | 2 | |
| Watch Tower | 16 | |
| Stronghold | 3 | |
| Fortress | 1 | |
| Beastiary | 2 | |
| Great Hall | 2 | |
33 total
» build order
00:15 Altar of Storms
00:19 Orc Burrow
01:21 Voodoo Lounge
01:58 War Mill
02:33 Voodoo Lounge
02:46 War Mill
03:25 Watch Tower
03:49 Watch Tower
04:06 Stronghold
04:06 Stronghold
04:29 Watch Tower
04:37 Orc Burrow
04:38 Orc Burrow
05:52 Watch Tower
05:53 Watch Tower
06:41 Fortress
06:43 Beastiary
08:09 Beastiary
11:00 Orc Burrow
12:35 Great Hall
12:45 Watch Tower
14:47 Watch Tower
14:48 Watch Tower
14:49 Watch Tower
14:50 Watch Tower
14:51 Watch Tower
20:33 Great Hall
21:27 Watch Tower
21:28 Watch Tower
21:29 Watch Tower
21:30 Watch Tower
21:31 Watch Tower
» items
| Healing Salve | 4 | |
| Lesser Clarity Potion | 9 | |
| Boots of Speed | 1 | |
| Staff of Teleportation | 1 | |
| Potion of Healing | 6 | |
| Orb of Lightning | 1 | |
| Scroll of Town Portal | 1 | |
| Potion of Lesser Invulnerability | 1 | |
| Tome of Retraining | 1 | |
25 total
mata. (
orange | 111 APM | 3044 actions | 27:29)
3 Archmage
2 Blizzard
1 Brilliance Aura
» actions
| Assign group hotkey | 25 | |
| Basic commands | 29 | |
| Build / train | 375 | |
| Enter build submenu | 140 | |
| Enter hero's abilities submenu | 3 | |
| Give item / drop item | 1 | |
| Remove unit from queue | 1 | |
| Right click | 1137 | |
| Select / deselect | 679 | |
| Select group hotkey | 434 | |
| Use ability | 220 | |
3044 total
» units
» upgrades
| Masonry | 3 | |
| Lumber Harvesting | 3 | |
6 total
» buildings
| Altar of Kings | 1 | |
| Lumber Mill | 1 | |
| Farm | 4 | |
| Scout Tower | 162 | |
| Arcane Tower | 9 | |
| Guard Tower | 300 | |
| Keep | 2 | |
| Town Hall | 1 | |
| Castle | 3 | |
483 total
» build order
00:14 Altar of Kings
00:36 Lumber Mill
00:39 Farm
01:33 Scout Tower
01:35 Scout Tower
02:01 Arcane Tower
02:01 Arcane Tower
02:02 Guard Tower
02:02 Guard Tower
02:04 Scout Tower
02:06 Scout Tower
02:13 Scout Tower
02:33 Guard Tower
02:33 Guard Tower
02:35 Guard Tower
02:37 Scout Tower
02:40 Guard Tower
02:40 Guard Tower
02:44 Scout Tower
02:47 Scout Tower
02:53 Farm
03:15 Guard Tower
03:15 Guard Tower
03:16 Guard Tower
03:24 Scout Tower
03:31 Scout Tower
03:38 Guard Tower
03:38 Guard Tower
03:38 Guard Tower
03:57 Guard Tower
03:57 Guard Tower
03:58 Guard Tower
04:12 Scout Tower
04:14 Scout Tower
04:20 Scout Tower
04:35 Guard Tower
04:35 Guard Tower
04:41 Arcane Tower
04:41 Arcane Tower
04:41 Arcane Tower
04:42 Arcane Tower
04:44 Farm
04:51 Guard Tower
04:51 Guard Tower
04:52 Guard Tower
05:12 Guard Tower
05:12 Guard Tower
05:12 Guard Tower
05:22 Scout Tower
05:27 Scout Tower
05:29 Scout Tower
05:49 Guard Tower
05:50 Guard Tower
05:50 Guard Tower
05:54 Guard Tower
05:54 Guard Tower
05:54 Guard Tower
05:55 Guard Tower
05:55 Guard Tower
05:55 Guard Tower
06:06 Scout Tower
06:06 Scout Tower
06:07 Scout Tower
06:14 Farm
06:34 Guard Tower
06:35 Guard Tower
06:35 Guard Tower
06:35 Guard Tower
06:35 Guard Tower
06:36 Guard Tower
06:36 Guard Tower
06:55 Scout Tower
07:52 Keep
09:05 Guard Tower
09:07 Scout Tower
09:08 Scout Tower
09:09 Scout Tower
09:40 Guard Tower
09:40 Guard Tower
09:41 Guard Tower
09:41 Guard Tower
09:42 Guard Tower
09:42 Guard Tower
09:43 Guard Tower
09:44 Guard Tower
09:44 Guard Tower
09:45 Guard Tower
09:48 Scout Tower
09:48 Scout Tower
09:50 Scout Tower
09:58 Scout Tower
09:59 Scout Tower
10:13 Town Hall
10:24 Scout Tower
10:25 Scout Tower
10:27 Scout Tower
10:27 Scout Tower
10:28 Guard Tower
10:28 Guard Tower
10:28 Guard Tower
10:41 Castle
10:41 Castle
10:50 Guard Tower
10:50 Guard Tower
10:51 Guard Tower
10:53 Guard Tower
10:53 Guard Tower
11:15 Guard Tower
11:16 Guard Tower
11:16 Guard Tower
11:17 Scout Tower
11:20 Scout Tower
11:20 Guard Tower
11:20 Guard Tower
11:22 Scout Tower
11:29 Scout Tower
11:33 Scout Tower
11:42 Guard Tower
11:43 Scout Tower
12:06 Guard Tower
12:06 Guard Tower
12:06 Guard Tower
12:07 Guard Tower
12:07 Guard Tower
12:10 Scout Tower
12:10 Scout Tower
12:12 Scout Tower
12:12 Scout Tower
12:18 Scout Tower
12:19 Scout Tower
12:29 Guard Tower
12:29 Guard Tower
12:30 Guard Tower
12:46 Guard Tower
12:46 Guard Tower
12:47 Guard Tower
12:53 Guard Tower
12:53 Guard Tower
12:54 Guard Tower
12:54 Guard Tower
12:54 Guard Tower
12:54 Guard Tower
12:55 Guard Tower
12:55 Guard Tower
12:58 Scout Tower
13:00 Scout Tower
13:00 Scout Tower
13:01 Scout Tower
13:03 Scout Tower
13:03 Scout Tower
13:24 Guard Tower
13:24 Guard Tower
13:25 Guard Tower
13:27 Scout Tower
13:32 Guard Tower
13:33 Guard Tower
13:33 Guard Tower
13:33 Guard Tower
13:34 Guard Tower
13:34 Guard Tower
13:34 Guard Tower
13:35 Guard Tower
13:49 Scout Tower
13:49 Scout Tower
13:50 Scout Tower
13:51 Guard Tower
13:51 Guard Tower
13:54 Scout Tower
13:55 Scout Tower
13:56 Scout Tower
14:15 Guard Tower
14:15 Guard Tower
14:15 Guard Tower
14:16 Guard Tower
14:17 Guard Tower
14:17 Guard Tower
14:17 Guard Tower
14:22 Guard Tower
14:22 Guard Tower
14:22 Guard Tower
14:26 Guard Tower
14:26 Guard Tower
14:26 Guard Tower
14:26 Guard Tower
14:32 Guard Tower
14:32 Guard Tower
14:32 Guard Tower
14:33 Guard Tower
14:38 Guard Tower
14:38 Guard Tower
14:39 Guard Tower
14:40 Guard Tower
14:43 Guard Tower
14:44 Guard Tower
14:44 Guard Tower
14:49 Scout Tower
14:50 Scout Tower
14:53 Scout Tower
14:55 Scout Tower
15:36 Guard Tower
15:36 Guard Tower
15:49 Guard Tower
15:49 Guard Tower
15:49 Guard Tower
15:52 Scout Tower
15:53 Scout Tower
15:54 Scout Tower
15:55 Scout Tower
15:55 Scout Tower
15:56 Scout Tower
16:00 Scout Tower
16:01 Scout Tower
16:02 Scout Tower
16:03 Scout Tower
16:11 Guard Tower
16:12 Guard Tower
16:12 Guard Tower
16:40 Guard Tower
16:41 Guard Tower
16:41 Guard Tower
16:47 Guard Tower
16:47 Guard Tower
16:48 Guard Tower
16:51 Scout Tower
16:52 Scout Tower
16:53 Scout Tower
16:54 Scout Tower
17:07 Guard Tower
17:07 Guard Tower
17:07 Guard Tower
17:35 Guard Tower
17:35 Guard Tower
17:36 Guard Tower
17:50 Guard Tower
17:50 Guard Tower
17:50 Guard Tower
17:50 Guard Tower
18:27 Guard Tower
18:27 Guard Tower
18:28 Guard Tower
18:28 Guard Tower
18:31 Scout Tower
18:32 Scout Tower
18:32 Scout Tower
18:33 Scout Tower
18:34 Scout Tower
18:36 Scout Tower
18:37 Scout Tower
18:46 Guard Tower
18:46 Guard Tower
18:47 Guard Tower
18:47 Guard Tower
19:32 Scout Tower
19:32 Scout Tower
19:33 Scout Tower
19:35 Scout Tower
19:36 Scout Tower
19:41 Guard Tower
19:41 Guard Tower
19:49 Scout Tower
19:50 Scout Tower
19:52 Scout Tower
19:52 Scout Tower
19:54 Scout Tower
19:59 Guard Tower
20:00 Guard Tower
20:00 Guard Tower
20:01 Guard Tower
20:08 Scout Tower
20:09 Scout Tower
20:19 Guard Tower
20:20 Guard Tower
20:20 Guard Tower
20:20 Guard Tower
20:21 Guard Tower
20:28 Guard Tower
20:28 Guard Tower
20:28 Guard Tower
20:30 Scout Tower
20:31 Scout Tower
20:33 Guard Tower
20:33 Guard Tower
20:33 Guard Tower
20:34 Guard Tower
20:36 Scout Tower
20:38 Scout Tower
20:40 Guard Tower
20:40 Guard Tower
20:47 Guard Tower
20:47 Guard Tower
20:49 Scout Tower
20:50 Scout Tower
20:51 Guard Tower
20:52 Guard Tower
20:53 Scout Tower
20:57 Scout Tower
20:58 Scout Tower
20:58 Scout Tower
20:59 Scout Tower
20:59 Scout Tower
21:02 Guard Tower
21:06 Guard Tower
21:06 Guard Tower
21:06 Guard Tower
21:09 Scout Tower
21:10 Scout Tower
21:12 Guard Tower
21:12 Guard Tower
21:12 Guard Tower
21:14 Scout Tower
21:14 Scout Tower
21:15 Scout Tower
21:21 Guard Tower
21:22 Scout Tower
21:27 Scout Tower
21:27 Scout Tower
21:29 Guard Tower
21:29 Guard Tower
21:29 Guard Tower
21:31 Scout Tower
21:31 Scout Tower
21:34 Guard Tower
21:34 Guard Tower
21:34 Guard Tower
21:37 Scout Tower
21:38 Scout Tower
21:41 Guard Tower
21:41 Guard Tower
21:43 Scout Tower
21:45 Scout Tower
21:46 Scout Tower
21:46 Guard Tower
21:46 Guard Tower
21:55 Scout Tower
21:56 Scout Tower
21:58 Scout Tower
22:30 Guard Tower
22:30 Guard Tower
22:34 Scout Tower
22:36 Scout Tower
22:37 Scout Tower
22:38 Scout Tower
22:38 Scout Tower
22:48 Guard Tower
22:48 Guard Tower
22:48 Guard Tower
22:49 Guard Tower
22:50 Guard Tower
22:50 Scout Tower
22:51 Scout Tower
22:51 Scout Tower
22:54 Scout Tower
22:55 Scout Tower
23:03 Guard Tower
23:12 Scout Tower
23:14 Scout Tower
23:15 Scout Tower
23:30 Guard Tower
23:31 Guard Tower
23:32 Scout Tower
23:33 Scout Tower
23:35 Scout Tower
24:06 Guard Tower
24:06 Guard Tower
24:21 Scout Tower
24:21 Scout Tower
24:21 Scout Tower
24:22 Guard Tower
24:22 Guard Tower
24:37 Scout Tower
24:37 Scout Tower
24:37 Scout Tower
24:38 Scout Tower
24:38 Scout Tower
24:39 Scout Tower
24:40 Scout Tower
25:16 Scout Tower
25:17 Scout Tower
25:47 Scout Tower
25:47 Scout Tower
25:49 Scout Tower
25:50 Scout Tower
25:51 Scout Tower
25:53 Guard Tower
25:53 Guard Tower
25:53 Guard Tower
25:54 Scout Tower
25:55 Scout Tower
26:53 Guard Tower
26:56 Scout Tower
26:56 Scout Tower
26:57 Scout Tower
» items
MyLiegeCyrus (
pink | 117 APM | 3224 actions | 27:29)
4 Archmage
2 Blizzard
2 Brilliance Aura
2 Mountain King
1 Storm Bolt
1 Bash
3 Paladin
2 Holy Light
1 Divine Shield
» actions
| Assign group hotkey | 422 | |
| Basic commands | 27 | |
| Build / train | 120 | |
| Enter build submenu | 87 | |
| Enter hero's abilities submenu | 9 | |
| Give item / drop item | 3 | |
| Remove unit from queue | 1 | |
| Right click | 1492 | |
| Select / deselect | 362 | |
| Select group hotkey | 500 | |
| Use ability | 201 | |
3224 total
» units
| Peasant | 27 | |
| Dragonhawk Rider | 5 | |
32 total
» upgrades
| Masonry | 3 | |
| Lumber Harvesting | 2 | |
| Animal War Training | 1 | |
| Swords | 3 | |
| Armor | 3 | |
| Magic Sentry | 1 | |
13 total
» buildings
| Altar of Kings | 1 | |
| Farm | 6 | |
| Lumber Mill | 3 | |
| Scout Tower | 73 | |
| Arcane Tower | 6 | |
| Guard Tower | 38 | |
| Arcane Vault | 2 | |
| Keep | 1 | |
| Castle | 1 | |
| Barracks | 1 | |
| Blacksmith | 1 | |
| Town Hall | 1 | |
| Arcane Sanctum | 1 | |
| Gryphon Aviary | 1 | |
136 total
» build order
00:05 Altar of Kings
00:20 Farm
00:35 Lumber Mill
01:12 Farm
01:52 Scout Tower
02:18 Scout Tower
02:21 Arcane Tower
02:25 Scout Tower
02:38 Farm
02:46 Guard Tower
02:48 Scout Tower
02:54 Guard Tower
02:57 Scout Tower
03:18 Guard Tower
03:20 Scout Tower
03:24 Scout Tower
03:31 Scout Tower
03:32 Guard Tower
03:44 Scout Tower
03:51 Guard Tower
03:55 Arcane Tower
04:01 Scout Tower
04:02 Guard Tower
04:26 Scout Tower
04:27 Arcane Tower
04:28 Guard Tower
04:32 Arcane Vault
04:57 Arcane Tower
05:21 Guard Tower
05:26 Scout Tower
05:27 Scout Tower
05:41 Scout Tower
06:07 Scout Tower
06:08 Guard Tower
06:16 Scout Tower
06:17 Keep
06:27 Guard Tower
06:30 Scout Tower
06:33 Scout Tower
06:40 Guard Tower
06:41 Scout Tower
06:55 Scout Tower
06:56 Arcane Tower
07:15 Guard Tower
07:19 Scout Tower
07:40 Guard Tower
07:41 Scout Tower
07:52 Guard Tower
07:54 Scout Tower
09:03 Lumber Mill
09:08 Lumber Mill
09:11 Farm
10:00 Scout Tower
10:01 Scout Tower
10:02 Scout Tower
10:03 Guard Tower
10:04 Scout Tower
10:11 Castle
10:12 Guard Tower
10:22 Farm
10:24 Barracks
10:27 Blacksmith
10:51 Guard Tower
10:55 Town Hall
10:57 Guard Tower
10:59 Scout Tower
11:00 Scout Tower
11:02 Scout Tower
11:03 Scout Tower
11:05 Arcane Vault
12:00 Guard Tower
12:01 Guard Tower
12:02 Arcane Tower
12:07 Guard Tower
12:09 Scout Tower
12:10 Scout Tower
12:16 Scout Tower
12:17 Scout Tower
12:21 Scout Tower
12:22 Scout Tower
12:53 Guard Tower
13:11 Arcane Sanctum
13:25 Guard Tower
13:29 Scout Tower
13:30 Scout Tower
13:34 Scout Tower
13:35 Scout Tower
13:35 Scout Tower
14:13 Guard Tower
14:16 Scout Tower
14:17 Scout Tower
14:38 Guard Tower
14:56 Gryphon Aviary
15:42 Guard Tower
15:54 Guard Tower
16:12 Scout Tower
16:13 Scout Tower
16:14 Scout Tower
16:43 Guard Tower
16:48 Scout Tower
16:49 Scout Tower
16:50 Scout Tower
16:51 Scout Tower
17:07 Farm
17:24 Guard Tower
18:33 Guard Tower
18:35 Scout Tower
18:35 Scout Tower
18:40 Scout Tower
18:43 Scout Tower
18:46 Scout Tower
19:09 Guard Tower
19:11 Scout Tower
19:21 Guard Tower
20:29 Scout Tower
20:29 Scout Tower
20:31 Scout Tower
20:32 Scout Tower
20:32 Scout Tower
20:33 Scout Tower
20:35 Scout Tower
20:36 Scout Tower
21:34 Guard Tower
21:41 Scout Tower
21:42 Scout Tower
22:13 Guard Tower
22:16 Scout Tower
22:17 Scout Tower
23:36 Guard Tower
23:38 Scout Tower
24:32 Scout Tower
24:33 Guard Tower
25:25 Guard Tower
26:46 Scout Tower
26:58 Scout Tower
» items
| Boots of Speed | 3 | |
| Staff of Teleportation | 3 | |
| Staff of Sanctuary | 3 | |
| Orb of Lightning | 2 | |
| Scroll of Regeneration | 1 | |
12 total
Chat log
(02:25 / All) dogsandhorse.ru: hej
(02:38 / All) Kanclerz: hi rus
(02:53 / All) dogsandhorse.ru: ochyen priyadna
(08:27 / All) dogsandhorse.ru: do u still want 2 be here
(09:35 / All) MyLiegeCyrus: stay out
(09:39 / All) dogsandhorse.ru: ))
(15:38 / All) dogsandhorse.ru: no miley'
(16:32 / All) dogsandhorse.ru: fromb_
(26:14 / All) dogsandhorse.ru: cya
(26:21 / All) dogsandhorse.ru: cuk
(26:24 / All) dogsandhorse.ru: cyka
(26:31 / All) mata.: spaciba for the winn
(26:33 / All) dogsandhorse.ru: do svidanya
(26:43 / All) dogsandhorse.ru: puzhalista
(27:26 / All) dogsandhorse.ru: ok ))